 Dungeon Crawl Stone Soup version 0.17-a0-1945-gfe993df (webtiles) character file.

68 graki42 the Firebug (level 4, -4/24 HPs)
             Began as a Deep Elf Fire Elementalist on Sept 30, 2015.
             Killed from afar by Sigmund (7 damage)
             ... with a puff of flame
             ... on level 2 of the Dungeon.
             The game lasted 00:07:04 (1475 turns).

graki42 the Firebug (Deep Elf Fire Elementalist)    Turns: 1475, Time: 00:07:04

Health: -4/24      AC:  4    Str:  6    XL:     4   Next: 1%
Magic:  7/11       EV: 13    Int: 20    God:
Gold:   175        SH:  0    Dex: 15    Spells: 3 memorised, 3 levels left

rFire  . . .     SeeInvis .     n - -3 short sword (curse)
rCold  . . .     Clarity  .     a - +0 robe
rNeg   . . .     SustAt   .     (no shield)
rPois  .         Gourm    .     e - +2 hat
rElec  .         Spirit   .     (no cloak)
rCorr  .         Warding  .     (no gloves)
rMut   .         Stasis   .     (no boots)
MR     .....                    (no amulet)
Stlth  +.........               (no ring)
                                (no ring)

@: confused, not resistant to hostile enchantments, very unstealthy
A: no striking features
a: no special abilities


You were on level 2 of the Dungeon.
You were hungry.

You visited 1 branch of the dungeon, and saw 4 of its levels.

You collected 175 gold pieces.

Inventory:

Hand weapons
 j - a +0 dagger of speed
 n - a cursed -3 short sword (weapon)
 w - a +2 short sword of draining
Armour
 a - a +0 robe (worn)
 e - a +2 hat (worn)
Magical staves
 v - a cursed staff of cold {unknown}
Scrolls
 d - a scroll of amnesia {unknown}
 f - a scroll of noise {unknown}
 g - a scroll of magic mapping {unknown}
 h - 2 scrolls of identify {unknown}
 i - a scroll of fog {unknown}
 k - a scroll of enchant armour {unknown}
 m - 2 scrolls of remove curse {unknown}
 q - 2 scrolls of fear {unknown}
 t - 3 scrolls of random uselessness {unknown}
 x - a scroll of teleportation {unknown}
 y - a scroll of immolation {unknown}
Potions
 l - a potion of beneficial mutation {unknown}
 p - a potion of lignification {unknown}
 r - 2 potions of mutation {unknown}
 s - a potion of cancellation {unknown}
 z - a potion of haste {unknown}
 B - a potion of might {unknown}
Books
 b - a book of Flames

   Spells                             Type                      Level
   a - Flame Tongue                   Conjuration/Fire             1
   b - Throw Flame                    Conjuration/Fire             2
   c - Conjure Flame                  Conjuration/Fire             3
   d - Inner Flame                    Hexes/Fire                   3
   e - Sticky Flame                   Conjuration/Fire             4
   f - Fireball                       Conjuration/Fire             5
Comestibles
 c - 3 bread rations
 o - 3 fruits
 u - a royal jelly
 A - a slice of pizza


   Skills:
 + Level 2.7 Dodging
 + Level 3.0 Stealth
 + Level 3.8 Spellcasting
 + Level 1.8 Conjurations
 + Level 4.2 Fire Magic


You had 3 spell levels left.
You knew the following spells:

 Your Spells              Type           Power        Failure   Level  Hunger
a - Flame Tongue          Conj/Fire      ###..        3%          1    None
b - Conjure Flame         Conj/Fire      ###.....     12%         3    ###....
c - Inner Flame           Hex/Fire       ##......     17%         3    ###....


Dungeon Overview and Level Annotations

Branches:
Dungeon (4/15)
 Temple: D:4-7

Altars:
Fedhas
Makhleb
Qazlal

Annotations:
D:2 Sigmund


Message History

Sigmund gestures at you while chanting.
You are more confused.
Sigmund casts a spell.
Sigmund flickers and vanishes!
Deactivating autopickup; reactivate with Ctrl-A.
You bump into the rock wall.
You bump into the rock wall.
Something hits you!
You bump into the rock wall.
Something barely misses you. Something hits you!
* * * LOW HITPOINT WARNING * * *
You're too confused to cast spells.
Unknown command.
You're too confused to move!
You hear some strange, mumbled words.
You are more confused.
You bump into the rock wall.
You hear some strange, mumbled words.
A puff of flame appears from out of thin air!
The puff of flame hits you!
You die...

##....###.......†.........
#...@....>.........†......
#.....###....(....####...#
##.#.#.# #.....(..## ##.##
#......# #.#.....## ####
#..##### #.##...## # #..#
#.###'## # #..#######.#
#.# # #.......{.@# #.# #
#.############)## # ##.##
#........##
##...#####.###.....#
#.......÷.....#...#######
##...#####.##.#..##......
##.## #.##.......# ###
#......##### ########


There were no monsters in sight!

Vanquished Creatures
  3 adders
  A worm (D:2)
  3 orcs (D:3)
  8 bats
  2 giant cockroaches (D:1)
  3 goblins
  2 hobgoblins
  4 jackals (D:2)
  A ball python (D:3)
  3 giant newts
  10 kobolds
  A rat (D:3)
41 creatures vanquished.

Notes
Turn   | Place    | Note
--------------------------------------------------------------
     0 | D:1      | graki42 the Deep Elf Fire Elementalist began the quest for the Orb.
     0 | D:1      | Reached XP level 1. HP: 10/10 MP: 6/6
   191 | D:1      | Reached XP level 2. HP: 13/15 MP: 0/8
   449 | D:1      | Reached skill level 4 in Fire Magic
   573 | D:2      | Reached XP level 3. HP: 13/19 MP: 7/10
   717 | D:2      | Noticed Sigmund
   859 | D:3      | Learned a level 3 spell: Conjure Flame
   863 | D:3      | Learned a level 3 spell: Inner Flame
   996 | D:3      | Found a faded altar to an unknown god.
  1046 | D:3      | Found a blossoming altar of Fedhas.
  1049 | D:3      | Found a stormy altar of Qazlal.
  1144 | D:3      | Found a burning altar of Makhleb.
  1159 | D:3      | Reached XP level 4. HP: 24/24 MP: 6/11
  1475 | D:2      | Killed from afar by Sigmund

Vault maps used:
D:1:      dpeg_arrival_three_same_balls
D:2:      uniq_sigmund, uniq_terence
D:3:      nicolae_overflow_crystal_walls,
          grunt_temple_overflow_forces_of_nature, ecumenical_altar_2
D:4:      nicolae_gozag_seed_capital, first_bread, uniq_duvessa, uniq_menkaure

Action                   |  1- 3 |  4- 6 || total
-------------------------+-------+-------++-------
Melee: Unarmed           |     3 |       ||     3
       Short sword       |    11 |       ||    11
 Cast: Flame Tongue      |    77 |     4 ||    81
       Conjure Flame     |       |     1 ||     1
  Eat: Chunk             |       |     1 ||     1
